 Dungeon Crawl Stone Soup version 0.28-a0-1504-g839a445 (webtiles) character file.

Game seed: 3538397069302897742

118 SirPussy the Ducker (level 4, 6/22 HPs)
             Began as a Felid Monk on Jan 12, 2022.
             Quit the game on level 4 of the Dungeon.
             The game lasted 00:05:03 (4313 turns).

SirPussy the Ducker (Felid Monk)                    Turns: 4313, Time: 00:05:03

Health: 6/22       AC:  1    Str:  9    XL:     4   Next: 72%
Magic:  5/5        EV: 20    Int: 11    God:
Gold:   200        SH:  0    Dex: 18    Spells: 3/3 levels left
                                        Lives:  0   Deaths: 1

rFire   . . .      SeeInvis +     - Unarmed
rCold   . . .      Faith    .   (shield unavailable)
rNeg    . . .      Spirit   .   (armour unavailable)
rPois   .          Reflect  .   (helmet unavailable)
rElec   .          Harm     .   (cloak unavailable)
rCorr   .          Rampage  .   (gloves unavailable)
Will    .....                   (boots unavailable)
Stlth   +++.......              (no amulet)
HPRegen 0.07/turn               (no ring)
MPRegen 0.09/turn               (no ring)

@: quick
A: very small, claws 1, fangs 3, see invisible, speed 1, shaggy fur 1, stealthy
paws, no weapons or thrown items, no armour, multi-lived
a: no special abilities


You were on level 4 of the Dungeon.
You visited 1 branch of the dungeon, and saw 4 of its levels.

You collected 200 gold pieces.

Inventory:

Scrolls
 b - 2 scrolls of blinking
 d - a scroll of fog {unknown}
 e - a scroll of fear {unknown}
 f - a scroll of noise {unknown}
 g - a scroll of identify {unknown}
Potions
 a - 2 potions of curing {unknown}
 c - a potion of heal wounds {unknown}
 h - a potion of cancellation {unknown}


   Skills:
 + Level 3.8 Fighting
 + Level 5.1 Dodging
 + Level 4.2 Stealth
 * Level 4.5 Unarmed Combat


You had 3 spell levels left.
You didn't know any spells.
Your spell library contained the following spells:

 Spells                   Type           Power      Damage    Failure   Level
 Shock                    Conj/Air       0%         1d3       34%         1
 Swiftness                Air            0%         N/A       71%         3
 Airstrike                Air            0%         N/A       98%         4


Dungeon Overview and Level Annotations

Branches:
Dungeon (4/15)             Temple (0/1) D:4

Altars:

Annotations:
D:3 3 runed translucent doors, mbeke's ghost, amateur DjCj


Innate Abilities, Weirdness & Mutations

You have sharp claws.
You have razor-sharp teeth.
You have supernaturally acute eyesight. (SInv)
You cover ground quickly. (Speed+)
You are covered in fur. (AC +1)
Your paws help you pounce on unaware monsters.
You are incapable of wielding weapons or throwing items.
You cannot wear armour.
You gain extra lives every three experience levels.


Message History

* * * LOW HITPOINT WARNING * * *
The ogre misses you.
You are too injured to fight recklessly!
You are too injured to fight recklessly!
You are too injured to fight recklessly!
You are too injured to fight recklessly!
You are too injured to fight recklessly!
You are too injured to fight recklessly!
You are too injured to fight recklessly!
You are too injured to fight recklessly!
You are too injured to fight recklessly!
You are too injured to fight recklessly!
You are too injured to fight recklessly!
You are too injured to fight recklessly!
You are too injured to fight recklessly!
You are too injured to fight recklessly!
You are too injured to fight recklessly!
You are too injured to fight recklessly!
You are too injured to fight recklessly!
You are too injured to fight recklessly!
You are too injured to fight recklessly!
You are too injured to fight recklessly!
You are too injured to fight recklessly!
You are too injured to fight recklessly!
You are too injured to fight recklessly!
You are too injured to fight recklessly!
You are too injured to fight recklessly!
You are too injured to fight recklessly!
You are too injured to fight recklessly!
You are too injured to fight recklessly!
You are too injured to fight recklessly!
You are too injured to fight recklessly!
You are too injured to fight recklessly!
You are too injured to fight recklessly!
You are too injured to fight recklessly!
You are too injured to fight recklessly!
You are too injured to fight recklessly!
The goblin shoots a stone.
The stone hits you but does no damage.
Unknown command.
Are you sure you want to abandon this character and quit the game? (Confirm with "yes".)

#..##....#### ##..
...)# ####....###
#####... .....#
####...#####.......
#....
####......#.....
#... ##..####.....
.... #..###......
### ######
##..#.......
#....#####†.#.......
#..@Og...#..#.......
##..g....#..##......
##..g..).#.###.....
##....).#.# #.....
##........ ##....
##.......# #....
##.##'### ##...
###(.. #### ..#


You could see an ogre and 3 goblins.

Vanquished Creatures
  A hound (D:4)
  4 adders
  A shadow imp (D:3)
  2 worms (D:2)
  5 dart slugs
  3 orcs
  8 ball pythons
  11 bats
  7 endoplasms
  3 giant cockroaches
  10 goblins
  9 hobgoblins
  9 kobolds
  A quokka (D:2)
  3 rats
77 creatures vanquished.

Notes
Turn   | Place    | Note
-------+----------+-------------------------------------------
     0 | D:1      | SirPussy the Felid Monk began the quest for the Orb.
     0 | D:1      | Reached XP level 1. HP: 10/10 MP: 2/2
   201 | D:1      | Reached XP level 2. HP: 14/14 MP: 3/3
   216 | D:1      | Found a faded altar of an unknown god.
   952 | D:1      | Reached XP level 3. HP: 17/17 MP: 4/4
  2249 | D:1      | Reached XP level 4. HP: 18/21 MP: 5/5
  2842 | D:3      | Found a runed translucent gate.
  2856 | D:3      | Found a runed translucent gate.
  2856 | D:3      | Found a runed translucent gate.
  2982 | D:3      | Noticed mbeke's ghost (amateur DjCj)
  3279 | D:4      | Found a staircase to the Ecumenical Temple.
  3718 | D:4      | Noticed an ogre
  3921 | D:4      | Slain by an adder
  3922 | D:4      | Reached XP level 3. HP: -1/17 MP: 4/4
  3951 | D:4      | Reached XP level 4. HP: 20/22 MP: 5/5
  3967 | D:4      | Reached skill level 5 in Dodging
  4288 | D:4      | Noticed an ogre
  4313 | D:4      | Quit the game

Illustrated notes

Levels and vault maps discovered:
D:1:      evilmike_arrival_plus, layout_basic, shapermc_ecumenical_altar_ellora
D:2:      layout_basic, serial_bayou_lagoon_b
D:3:      layout_loops_ring, gammafunk_ghost_necromancy
D:4:      layout_cave_pods, minmay_temple_entry_junction, minmay_ogre_servants

Skill      XL: |  1  2  3  4 |
---------------+-------------+-----
Stealth        | 3 4 |  4.2
Unarmed Combat | 4 |  4.5
Dodging        | 5 |  5.1
Fighting       | |  3.8

Action                   |  1- 3 |  4- 6 || total
-------------------------+-------+-------++-------
Melee: Unarmed           |   142 |    93 ||   235
       Bite              |    19 |     9 ||    28
       Punch             |       |     1 ||     1
  Use: Scroll            |     3 |       ||     3
 Stab: Sleeping          |    12 |     9 ||    21
Armor: Skin              |     4 |     5 ||     9
Dodge: Dodged            |   126 |    76 ||   202

Table legend: (Time is in decaauts)
 A = Elapsed time spent in this place.
 B = Non-inter-level travel time spent in this place.
 C = Inter-level travel time spent in this place.
 D = Time resting spent in this place.
 E = Time spent auto-exploring this place.
 F = Levels seen in this place.
 G = Mean time per level.
                   A        B        C        D        E       F      G
               +--------+--------+--------+--------+--------+-----+--------+
         Total |   3834 |   3787 |     47 |    681 |   2533 |   4 |  958.5 |
       Dungeon |   3834 |   3787 |     47 |    681 |   2533 |   4 |  958.5 |
               +--------+--------+--------+--------+--------+-----+--------+

Top non-repeatable levels by time:
     D:2: 1243 daAuts
     D:1: 1091 daAuts
     D:3: 771 daAuts
     D:4: 728 daAuts
